Map: Habitation Station LE (Void)

Players

Fropez - Winner!

  • Race: Protoss Protoss
  • League: Gold
  • Spawn Location: 11:00

A.I. 1 (Hard)

  • Race: Terran Terran
  • Spawn Location: 1:00

VOD

Have the link to the VOD?

Description

Time

  • Played on: Dec. 12, 2016, 7:03 p.m.
  • Length: 3:12
Show
View Real Time Build Order
Export as new Build Order

Fropez Protoss - Winner!

Build Orders:  

Get SALT Encoding   

  13  0:13  Pylon, Probe (Chrono Boost)  
  13  0:24  Probe (Chrono Boost)  
  14  0:33  Forge  
  14  0:34  Probe (Chrono Boost)  
  15  0:45  Probe (Chrono Boost)  
  16  0:56  Probe (Chrono Boost)  
  17  1:08  Probe (Chrono Boost)  
  18  1:14  Pylon  
  18  1:17  Pylon  
  18  1:20  Pylon  
  18  1:22  Pylon  
  18  1:27  Gateway  
  18  1:35  Probe (Chrono Boost)  
  18  1:36  Assimilator  
  19  1:48  Photon Cannon  
  19  1:56  Photon Cannon  
  19  2:03  Photon Cannon  
  19  2:09  Probe (Chrono Boost)  
  19  2:12  Pylon  
  20  2:23  Photon Cannon  
  20  2:31  Photon Cannon  
  20  2:38  Photon Cannon  
  20  2:49  Photon Cannon  
  20  2:59  Photon Cannon  
  20  3:06  Photon Cannon  
Show
View Real Time Build Order
Export as new Build Order

A.I. 1 (Hard) Terran 

Build Orders:  

Get SALT Encoding   

  12  0:00  SCV  
  13  0:13  SCV  
  14  0:18  Supply Depot  
  14  0:25  SCV  
  15  0:40  SCV  
  16  0:43  Barracks  
  16  0:52  SCV  
  17  1:04  SCV  
  18  1:15  Command Center  
  18  1:31  Orbital Command  
  18  1:32  Marine  
  19  1:40  Supply Depot  
  19  1:49  Marine  
  20  1:56  Refinery  
  20  1:57  SCV  
  21  2:09  SCV  
  21  2:13  Barracks  
  17  2:32  SCV  
  17  2:36  Refinery  
  15  2:38  SCV  
  6  2:58  SCV  
Tags
 
Add a new tag
Caveats
  • Supply blocks, unpowered buildings, or Contaminate may cause inaccurate times.
  • Supply counts are checked every 10 seconds.